 Dungeon Sprint DCSS version 0.27.1-1-g398f81649c (webtiles) character file.

Game seed: 7777970509542666518

266 styxcanada the Unseen (level 6, -1/29 (33) HPs)
             Began as a Spriggan Brigand on Sept 20, 2021.
             Was an Initiate of Gozag.
             Slain by a wight (3 damage)
             ... in the Dungeon (Sprint VII: "The Pits").
             The game lasted 00:03:08 (471 turns).

styxcanada the Unseen (Spriggan Brigand)             Turns: 471, Time: 00:03:11

HP:   -1/29 (33)    AC:  3    Str:  7    XL:     6   Next: 0%
MP:   7/7           EV: 20    Int: 12    God:    Gozag
Gold: 513           SH:  0    Dex: 19    Spells: 5/5 levels left

rFire    . . .     SeeInvis +   a - +2 dagger
rCold    . . .     Faith    .   (shield restricted)
rNeg     . . .     Spirit   .   b - +0 robe
rPois    .         Reflect  .   (helmet restricted)
rElec    .         Harm     .   c - +0 cloak
rCorr    .         Rampage  .   (gloves unavailable)
Will     +....     NoTele   +   (boots unavailable)
Stlth    ++++++....             (no amulet)
HPRegen  0.09/turn              (no ring)
MPRegen  0.10/turn              (no ring)

@: on berserk cooldown, heavily drained, very quick
A: very small, no large weapons, unfitting armour, see invisible, speed 3
a: Renounce Religion, Potion Petition, Call Merchant, Bribe Branch


You were in the Dungeon.
You worshipped Gozag.
Gozag was pleased with you.
You visited 1 branch You collected 513 gold pieces.

Inventory:

Hand Weapons
 a - a +2 dagger (weapon)
 n - a +0 dagger of electrocution
 o - a +1 long sword of flaming
Missiles
 d - 8 poisoned darts
 e - 2 curare-tipped darts
 m - 10 stones (quivered)
Armour
 b - a +0 robe (worn)
 c - a +0 cloak (worn)
Scrolls
 k - a scroll of blinking
Potions
 f - 6 potions of curing
 g - 6 potions of heal wounds
 h - a potion of haste
 i - 4 potions of magic
 j - 2 potions of berserk rage
 l - a potion of invisibility


   Skills:
 * Level 3.6 Fighting
 + Level 4.1 Short Blades
 + Level 3.5 Throwing
 * Level 5.5 Dodging
 * Level 15.4 Stealth


You had 5 spell levels left.
You didn't know any spells.
Your spell library was empty.

Dungeon Overview and Level Annotations

Branches:
Dungeon (1/1)

Altars:
Ashenzari
Cheibriados
Dithmenos
Elyvilon
Fedhas
Gozag
Hepliaklqana
Kikubaaqudgha
Makhleb
Nemelex Xobeh
Okawaru
Qazlal
Ru
Sif Muna
Trog
Uskayaw
Vehumet
Wu Jian
Xom
Yredelemnul
Zin
The Shining One
Beogh
Jiyva
Lugonu

Annotations:
D Jessica


Innate Abilities, Weirdness & Mutations

You are very small and have problems with some larger weapons.
You are too small for most types of armour.
You have supernaturally acute eyesight. (SInv)
You cover ground extremely quickly. (Speed+++)


Message History

You hit the wight.
The wight is heavily damaged.
The wight hits you with a +0 short sword.
You feel drained.
You hit the wight but do no damage.
The wight is heavily damaged.
The wight misses you.
You hit the wight.
The wight is heavily damaged.
The wight hits you with a +0 short sword.
You barely miss the wight.
The wight is heavily damaged.
The wight misses you.
You barely miss the wight.
The wight is heavily damaged.
The wight misses you. x2
You hit the wight but do no damage.
The wight is heavily damaged.
The wight closely misses you.
You hit the wight but do no damage.
The wight is heavily damaged.
The wight misses you.
You barely miss the wight.
The wight is heavily damaged.
You feel yourself speed up.
The wight hits you with a +0 short sword.
You barely miss the wight.
The wight is heavily damaged.
The wight misses you.
You closely miss the wight.
The wight is heavily damaged.
The wight hits you with a +0 short sword.
You feel drained.
You hit the wight but do no damage.
The wight is heavily damaged.
The wight hits you with a +0 short sword!
* * * LOW HITPOINT WARNING * * *
You feel drained.
You die...
Your body crumbles into a pile of gold.

#...........'.....
#'#####'#####.....
#.#...#.#[[##.....
#.#...#.#))#####'#
#.#...'.#).##.....
#.##'####).##.....
#.#.....#..##.....
#$#.....#'###...<.
#@#........##.....
#z#........##.....
#z###########.....
#zz#.#.## ######
#Y....Y.#
##.#z#.## #......
##.#.#.# c...z..#


You could see an ice beast and 4 wights.

Vanquished Creatures
  A floating eye (D)
  2 orc priests (D)
  A quasit (D)
  An orc wizard (D)
  Ijyb (D)
  A gnoll (D)
  An adder zombie (D)
  2 bat skeletons (D)
  A goblin (D)
  A hobgoblin (D)
  A frilled lizard (D)
13 creatures vanquished.

Notes
Turn   | Place    | Note
-------+----------+-------------------------------------------
     0 | D        | styxcanada the Spriggan Brigand began the quest for the
                  | Orb.
     0 | D        | Reached XP level 1. HP: 10/10 MP: 2/2
    12 | D        | Reached skill level 6 in Stealth
    14 | D        | Found a bloodstained altar of Trog.
    14 | D        | Found a shimmering blue altar of Sif Muna.
    14 | D        | Found a viscous altar of Jiyva.
    14 | D        | Found a hazy altar of Hepliaklqana.
    14 | D        | Found an opulent altar of Gozag.
    15 | D        | Found a glowing golden altar of the Shining One.
    15 | D        | Found a glowing silver altar of Zin.
    15 | D        | Found a basalt altar of Yredelemnul.
    15 | D        | Found a shimmering altar of Xom.
    15 | D        | Found an ornate altar of the Wu Jian Council.
    15 | D        | Found a sacrificial altar of Ru.
    15 | D        | Found a stormy altar of Qazlal.
    15 | D        | Found an iron altar of Okawaru.
    15 | D        | Found a sparkling altar of Nemelex Xobeh.
    15 | D        | Found a burning altar of Makhleb.
    15 | D        | Found a blossoming altar of Fedhas.
    15 | D        | Found a white marble altar of Elyvilon.
    15 | D        | Found a shadowy altar of Dithmenos.
    15 | D        | Found a snail-covered altar of Cheibriados.
    16 | D        | Found a radiant altar of Vehumet.
    16 | D        | Found a corrupted altar of Lugonu.
    17 | D        | Found an ancient bone altar of Kikubaaqudgha.
    17 | D        | Found a hide-covered altar of Uskayaw.
    17 | D        | Found a broken altar of Ashenzari.
    19 | D        | Became a worshipper of Gozag Ym Sagoz the Greedy
    49 | D        | Reached skill level 7 in Stealth
    56 | D        | Noticed a floating eye
    57 | D        | Killed a floating eye
    58 | D        | Reached skill level 12 in Stealth
    58 | D        | Reached XP level 2. HP: 16/16 MP: 3/3
    58 | D        | Reached XP level 3. HP: 19/19 MP: 4/4
    58 | D        | Reached XP level 4. HP: 23/23 MP: 5/5
   106 | D        | Reached skill level 13 in Stealth
   106 | D        | Reached XP level 5. HP: 13/28 MP: 6/6
   144 | D        | Reached skill level 14 in Stealth
   146 | D        | Reached skill level 5 in Dodging
   419 | D        | Noticed Ijyb
   420 | D        | Noticed Jessica
   421 | D        | Noticed a centaur
   424 | D        | Noticed an ice beast
   438 | D        | Reached skill level 15 in Stealth
   447 | D        | Killed Ijyb
   448 | D        | Reached XP level 6. HP: 33/33 MP: 7/7
   471 | D        | Slain by a wight

Illustrated notes

Levels and vault maps discovered:
D:        pitsprint [storerooms_1, entrance_room_1, metal_vault_5, armoury_1,
          mini_pit_1, grid_room_1, main_hall_1, silver_pit, the_coven_2,
          the_vestibule_1, steel_vault_4, golden_pit, hallway_of_sentries,
          crystal_vault_1, iron_vault_3, final_vault]

Skill      XL: |  1  2  3  4  5 |
---------------+----------------+-----
Stealth        | 12 13 15 | 15.4
Fighting       | 2 3 |  3.6
Short Blades   | 3 4 |  4.1
Dodging        | 4 5 |  5.5
Throwing       | 3 |  3.5

Action                   |  1- 3 |  4- 6 || total
-------------------------+-------+-------++-------
Melee: Dagger            |     4 |    59 ||    63
Throw: Dart              |       |    10 ||    10
       Stone             |       |     1 ||     1
  Use: Potion            |       |     2 ||     2
 Stab: Sleeping          |     4 |     1 ||     5
       Invisible         |       |     4 ||     4
Armor: Robe              |       |     1 ||     1
Dodge: Dodged            |       |    47 ||    47
